 Dungeon Crawl Stone Soup version 0.26-a0-597-gb535b0901c (webtiles) character file.

Game seed: 10936356958309126456

505 Lanoc the Digger (level 6, -2/42 HPs)
             Began as a Demonspawn Earth Elementalist on Sept 7, 2020.
             Slain by Edmund
             ... wielding a +2 dire flail of draining
              (5 damage)
             ... on level 3 of the Dungeon.
             The game lasted 00:04:33 (5203 turns).

Lanoc the Digger (Demonspawn Earth Elementalist)    Turns: 5203, Time: 00:04:34

Health: -2/42      AC:  3    Str:  8    XL:     6   Next: 96%
Magic:  0/9        EV: 13    Int: 18    God:
Gold:   146        SH:  0    Dex: 14    Spells: 6/9 levels left

rFire    . . .     SeeInvis .   a - +4 war axe (venom)
rCold    . . .     Faith    .   (no shield)
rNeg     . . .     Spirit   +   c - +0 robe
rPois    .         Reflect  .   (no helmet)
rElec    .         Harm     .   (no cloak)
rCorr    .                      (no gloves)
MR       .....                  (no boots)
Stlth    +.........             (no amulet)
HPRegen  0.14/turn              (no ring)
MPRegen  0.11/turn              (no ring)

@: heavily drained
A: rugged brown scales 1, powered by pain 2, magic shield
a: no special abilities


You were on level 3 of the Dungeon.
You visited 1 branch of the dungeon, and saw 4 of its levels.

You collected 146 gold pieces.

Inventory:

Hand Weapons
 a - a +4 war axe of venom (weapon)
Missiles
 b - 45 stones (quivered)
Armour
 c - a +0 robe (worn)
Wands
 n - a wand of random effects (24)
Scrolls
 g - 4 scrolls of teleportation {unknown}
 h - a scroll of amnesia {unknown}
 j - 2 scrolls of remove curse {unknown}
 k - 2 scrolls of identify {unknown}
 l - a scroll of noise {unknown}
 o - a scroll of immolation {unknown}
Potions
 d - 2 potions of flight {unknown}
 e - 3 potions of curing {unknown}
 f - 2 potions of lignification {unknown}
 i - a potion of mutation {unknown}
 m - a potion of berserk rage {unknown}


   Skills:
 + Level 4.1(2.8) Dodging
 - Level 1.7(0.5) Stealth
 - Level 2.0(0.7) Spellcasting
 - Level 0.8(0.0) Transmutations
 * Level 6.1(4.7) Earth Magic


You had 6 spell levels left.
You knew the following spells:

 Your Spells              Type           Power        Failure   Level
a - Sandblast             Erth           ###...       3%          1
b - Passwall              Tmut/Erth      #.......     12%         2

Your spell library contained the following spells:

 Spells                   Type           Power        Failure   Level
 Stone Arrow              Conj/Erth      #.....       24%         3
 Petrify                  Tmut/Erth      #.......     61%         4
 Lee's Rapid Deconstruct  Erth           ###.......   63%         5


Dungeon Overview and Level Annotations

Branches:
Dungeon (4/15)
 Temple: D:4-7

Altars:
Gozag
Trog

Annotations:
D:3 Edmund
D:4 Sigmund


Innate Abilities, Weirdness & Mutations

You are partially covered in rugged brown scales. (AC +1, +3% HP)
You sometimes gain power by taking damage.
When hurt, damage is shared between your health and your magic reserves.


Message History

Edmund is moderately wounded.
Edmund hits you with a +2 dire flail of draining!
You feel drained.
Edmund hits you with a +2 dire flail of draining.
You feel drained.
You hit Edmund but do no damage.
Edmund is moderately wounded.
Edmund closely misses you.
You hit Edmund.
Edmund is poisoned.
Edmund is moderately wounded.
Edmund closely misses you. Edmund barely misses you.
You slash Edmund!
Edmund looks as sick as possible!
Edmund is heavily wounded.
Edmund hits you with a +2 dire flail of draining!
You feel drained.
* * * LOW HITPOINT WARNING * * *
Edmund hits you with a +2 dire flail of draining!
* * * LOW HITPOINT WARNING * * *
You feel drained.
You die...

####...##.##......# ##..# #...##
###....##....#.# ##.###.##### ##
#...........#.#####......)...
.####.###....#..........###.#####
†##............##.#####..##.#
....#..#######......# ##.#..#
.####..# #......# #...## ## #...#
##..^..# ##### ####.#.# #.@@..#
.......# #..>..# .#....## #.....#
...#### ####### ####


You could see Edmund (extremely poisoned).

Vanquished Creatures
  An ogre (D:4)
  A howler monkey (D:4)
  Crazy Yiuf (D:3)
  2 hounds (D:4)
  2 bullfrog skeletons (D:4)
  An orc wizard (D:4)
  A centaur skeleton (D:4)
  An iguana (D:4)
  A worker ant (D:4)
  A gnoll (D:1)
  4 adders
  3 oozes
  3 dart slugs
  5 leopard geckos
  8 orcs
  A ball python (D:1)
  5 goblins
  2 hobgoblins
  4 jackals
  A quokka (D:4)
  7 bats
  2 frilled lizards
  A jackal skeleton (D:4)
  5 kobolds
  2 rats (D:1)
65 creatures vanquished.

Notes
Turn   | Place    | Note
-------+----------+-------------------------------------------
     0 | D:1      | Lanoc the Demonspawn Earth Elementalist began the quest for
                  | the Orb.
     0 | D:1      | Reached XP level 1. HP: 13/13 MP: 3/3
    56 | D:1      | Reached skill level 3 in Earth Magic
    56 | D:1      | Gained mutation: You are partially covered in rugged brown
                  | scales. (AC +1, +3% HP) [demonic ancestry]
    56 | D:1      | Reached XP level 2. HP: 8/19 MP: 0/5
  1145 | D:1      | Gained mutation: You sometimes gain a little power by
                  | taking damage. [demonic ancestry]
  1145 | D:1      | Reached XP level 3. HP: 10/24 MP: 1/6
  1153 | D:1      | Learned a level 2 spell: Passwall
  2891 | D:3      | Found an opulent altar of Gozag.
  2939 | D:3      | Reached skill level 4 in Earth Magic
  2939 | D:3      | Reached XP level 4. HP: 20/30 MP: 4/7
  3501 | D:3      | Found a runed translucent door.
  3502 | D:3      | Noticed Crazy Yiuf
  3682 | D:3      | Killed Crazy Yiuf
  3759 | D:4      | Gained mutation: When hurt, damage is shared between your
                  | health and your magic reserves. [demonic ancestry]
  3759 | D:4      | Reached XP level 5. HP: 27/36 MP: 8/8
  3993 | D:4      | Reached skill level 5 in Earth Magic
  4418 | D:4      | Found a bloodstained altar of Trog.
  4451 | D:4      | Gained mutation: You sometimes gain power by taking damage.
                  | [demonic ancestry]
  4451 | D:4      | Reached XP level 6. HP: 17/42 MP: 2/9
  4670 | D:4      | Reached skill level 6 in Earth Magic
  5153 | D:4      | Noticed Sigmund
  5154 | D:4      | Noticed Edmund
  5203 | D:3      | Slain by Edmund

Illustrated notes

Levels and vault maps discovered:
D:1:      matt_arrival_los_fun, layout_basic, minmay_misc_feat_cross
D:2:      layout_loops_ring, gammafunk_temple_overflow_pools, okawaru_trees_2
D:3:      layout_rooms, grunt_gozag_statues, uniq_crazy_yiuf_cottage
D:4:      minmay_opposing_rooms, layout_cave_pools,
          nicolae_overflow_hidden_temple, sigmund_edmund_badplayer

Skill      XL: |  1  2  3  4  5  6 |
---------------+-------------------+-----
Dodging        | 2 3 4 |  4.1
Earth Magic    | 3 4 5 6 |  6.1
Stealth        | |  1.7
Spellcasting   | |  2.0
Transmutations | |  0.8

Action                   |  1- 3 |  4- 6 || total
-------------------------+-------+-------++-------
Melee: Unarmed           |   266 |       ||   266
       War axe           |       |    80 ||    80
 Cast: Sandblast         |    33 |    10 ||    43
 Stab: Distracted        |     1 |       ||     1
       Sleeping          |       |     1 ||     1
Armor: Robe              |    98 |    20 ||   118
Dodge: Dodged            |   210 |    84 ||   294

Table legend: (Time is in decaauts)
 A = Elapsed time spent in this place.
 B = Non-inter-level travel time spent in this place.
 C = Inter-level travel time spent in this place.
 D = Time resting spent in this place.
 E = Time spent auto-exploring this place.
 F = Levels seen in this place.
 G = Mean time per level.
                   A        B        C        D        E       F      G
               +--------+--------+--------+--------+--------+-----+--------+
         Total |   5242 |   5149 |     93 |    153 |   4256 |   4 | 1310.5 |
       Dungeon |   5242 |   5149 |     93 |    153 |   4256 |   4 | 1310.5 |
               +--------+--------+--------+--------+--------+-----+--------+

Top non-repeatable levels by time:
     D:1: 1945 daAuts
     D:3: 1570 daAuts
     D:4: 1498 daAuts
     D:2: 228 daAuts
